 Dungeon Crawl Stone Soup version 0.31.0-11-ge490571c62 (webtiles) character file.

Game seed: 11448103235788467816

93 qw the Shooter (level 4, 0/22 HPs)
             Began as a Spriggan Hunter on Feb 4, 2024.
             Slain by Terence
             ... wielding a +0 hand axe
              (3 damage)
             ... on level 3 of the Dungeon.
             The game lasted 00:00:35 (1555 turns).

qw the Shooter (Spriggan Hunter)                    Turns: 1555, Time: 00:00:35

Health: 0/22       AC:  5    Str:  7    XL:     4   Next: 37%
Magic:  5/5        EV: 20    Int: 10    God:
Gold:   95         SH:  0    Dex: 20    Spells: 3/3 levels left

rFire   . . .        a - +0 shortbow
rCold   . . .        (shield currently unavailable)
rNeg    . . .        c - +0 robe
rPois   .            (helmet restricted)
rElec   .            h - +2 cloak
rCorr   .            (gloves unavailable)
SInv    +            (boots unavailable)
Will    .....        (no amulet)
Stlth   ++           (no ring)
HPRegen 0.23/turn    (no ring)
MPRegen 0.09/turn

%: no passive effects
@: very quick
A: very small, no large weapons, unfitting armour, see invisible, speed 3
a: no special abilities


You were on level 3 of the Dungeon.
You visited 1 branch of the dungeon, and saw 3 of its levels.

You collected 95 gold pieces.


Innate Abilities, Weirdness & Mutations

You are very small and have problems with some larger weapons.
You are too small for most types of armour.
You have supernaturally acute eyesight. (SInv)
You cover ground extremely quickly. (Speed+++)


   Skills:
 - Level 1.5 Fighting
 - Level 5.0 Ranged Weapons
 + Level 4.7 Dodging
 - Level 1.5 Stealth


You had 3 spell levels left.
You didn't know any spells.
Your spell library was empty.

Inventory:

Hand Weapons
 a - a +0 shortbow (weapon)
Armour
 c - a +0 robe (worn)
 h - a +2 cloak (worn)
Jewellery
 d - a ring of ice
Wands
 i - a wand of roots (8)
Scrolls
 e - a scroll of identify
 j - a scroll of torment {unknown}
Potions
 b - a potion of cancellation
 f - a potion of attraction {unknown}
 g - a potion of mutation {unknown}
 k - a potion of might {unknown}

Dungeon Overview and Level Annotations

Branches:
Dungeon (3/15)

Altars:
Sif Muna

Annotations:
D:3 Terence


Message History

You shoot an arrow.
The arrow hits Terence but does no damage.
Terence is moderately wounded.
Terence hits you with a +0 hand axe.
You shoot an arrow. The arrow hits Terence.
Terence is heavily wounded.
Terence closely misses you.
You shoot an arrow. The arrow hits Terence.
Terence is severely wounded.
Terence closely misses you.
You shoot an arrow. The arrow completely misses Terence.
Terence completely misses you.
You shoot an arrow. The arrow closely misses Terence.
Terence completely misses you.
You shoot an arrow.
The arrow hits Terence but does no damage.
Terence is severely wounded.
Terence hits you with a +0 hand axe. Terence hits you but does no damage.
You shoot an arrow.
The arrow hits Terence but does no damage.
Terence is severely wounded.
Terence completely misses you.
You shoot an arrow.
The arrow hits Terence but does no damage.
Terence is severely wounded.
Terence hits you with a +0 hand axe.
You shoot an arrow. The arrow hits Terence.
Terence is almost dead.
Terence closely misses you.
You shoot an arrow. The arrow barely misses Terence.
Terence completely misses you.
You shoot an arrow. The arrow closely misses Terence.
Terence barely misses you.
You shoot an arrow. The arrow barely misses Terence.
Terence hits you with a +0 hand axe.
You shoot an arrow. The arrow hits Terence.
Terence is almost dead.
Terence misses you. Terence hits you with a +0 hand axe.
You die...
Terence says, "Time to find some more victims."

####....####.##....#####
......................>#
####....###........###.#
###### #....#######.#
#....#.......#
#....#.#####.# #....#.#
#:#######
#....#.#####.......#
###..@@............#
......#..###........#
..... ##.#..........#
.... #...##......(####
... ###.##.###....... ..
#.##.# #.###### .
#.##.###.# #.....##.#
##..#..##.#


You could see Terence.

Vanquished Creatures
  3 adders
  A ribbon worm (D:2)
  An orc (D:3)
  5 bats
  3 endoplasms
  A giant cockroach (D:2)
  6 goblins (D:1)
  3 hobgoblins
  8 jackals
  3 quokkas
  8 ball pythons
  2 frilled lizards (D:1)
  6 kobolds
  8 rats
58 creatures vanquished.

Notes
Turn   | Place    | Note
-------+----------+-------------------------------------------
     0 | D:1      | qw the Spriggan Hunter began the quest for the Orb.
     0 | D:1      | Reached XP level 1. HP: 10/10 MP: 2/2
     0 | D:1      | 0 ||| qw: Version: 0.3-a-160-g6735b56
     0 | D:1      | 0 ||| qw: Game counter: 6086
     0 | D:1      | 0 ||| qw: Melee chars always use a shield: true
     0 | D:1      | 0 ||| qw: God list: Okawaru
     0 | D:1      | 0 ||| qw: Allow faded altars: false
     0 | D:1      | 0 ||| qw: Do Orc after clearing Dungeon:15 true
     0 | D:1      | 0 ||| qw: Do second Lair branch before Depths: true
     0 | D:1      | 0 ||| qw: Lair rune preference: random
     0 | D:1      | 0 ||| qw: Goals: Normal
     0 | D:1      | 0 ||| PLANNING D:1-11
   117 | D:1      | Reached skill level 3 in Dodging
   193 | D:1      | Reached XP level 2. HP: 14/14 MP: 3/3
   475 | D:1      | Reached XP level 3. HP: 18/18 MP: 4/4
   518 | D:1      | Found a faded altar of an unknown god.
   612 | D:1      | 612 ||| UPGRADING to +2 cloak.
   617 | D:1      | 617 ||| READING scroll labelled LOGRUUR RIFERCH.
   620 | D:1      | 620 ||| READING 3 scrolls labelled KURES COS NUOLI.
   620 | D:1      | 620 ||| IDENTIFYING scroll labelled KEOXKOARAR
   621 | D:1      | 621 ||| READING 2 scrolls of identify.
   621 | D:1      | 621 ||| IDENTIFYING scroll labelled WATZYO COIGUR
   622 | D:1      | 622 ||| DROPPING scroll of butterflies.
   623 | D:1      | 623 ||| DROPPING scroll of fog.
   624 | D:1      | 624 ||| DROPPING scroll of immolation.
   966 | D:2      | Reached skill level 5 in Ranged Weapons
   974 | D:2      | Reached XP level 4. HP: 21/22 MP: 5/5
  1112 | D:2      | Found a shimmering blue altar of Sif Muna.
  1309 | D:2      | 1309 ||| READING 5 scrolls of identify.
  1309 | D:2      | 1309 ||| IDENTIFYING fuming red potion
  1310 | D:2      | 1310 ||| READING 4 scrolls of identify.
  1310 | D:2      | 1310 ||| IDENTIFYING dark potion
  1311 | D:2      | 1311 ||| READING 3 scrolls of identify.
  1311 | D:2      | 1311 ||| IDENTIFYING murky cyan potion
  1312 | D:2      | 1312 ||| READING 2 scrolls of identify.
  1312 | D:2      | 1312 ||| IDENTIFYING scroll labelled ENICSA BITSI
  1313 | D:2      | 1313 ||| DROPPING potion of berserk rage.
  1314 | D:2      | 1314 ||| DROPPING potion of magic.
  1315 | D:2      | 1315 ||| DROPPING scroll of poison.
  1533 | D:3      | Noticed Terence
  1554 | D:3      | HP: 3/22 [Terence/+0 hand axe (4)]
  1555 | D:3      | Slain by Terence

Levels and vault maps discovered:
D:1:      matt_arrival_grand_opening, layout_loops_ring,
          ebering_ecumenical_altar_hall, minmay_misc_feat_doors, st_stairs_1,
          minmay_misc_feat_hallway
D:2:      minmay_angry_zag, layout_basic, basic_altar
D:3:      layout_basic, minmay_tree_intersection, uniq_terence

Skill      XL: |  1  2  3 |
---------------+----------+-----
Dodging        | 3 4 |  4.7
Ranged Weapons | 5 |  5.0
Fighting       | |  1.5
Stealth        | |  1.5

Action                     |  1- 3 |  4- 6 || total
---------------------------+-------+-------++-------
   Fire: Shortbow          |   131 |    59 ||   190
    Use: Scroll            |     3 |     4 ||     7
 Armour: Robe              |    12 |    11 ||    23
  Dodge: Dodged            |    54 |    18 ||    72

Table legend:
 A = Non-vault XP
 B = Vault XP
 C = Vault XP percentage of total XP
 D = Non-vault monster count
 E = Vault monster count
 F = Vault count percentage of total count
                 A         B        C        D         E       F
            +---------+---------+-------+---------+---------+-------
      Total |     126 |       8 |   6.0 |      53 |       5 |   8.6
            +---------+---------+-------+---------+---------+-------
        D:1 |      39 |       3 |   7.1 |      25 |       2 |   7.4
        D:2 |      61 |       5 |   7.6 |      21 |       3 |  12.5
        D:3 |      26 |       0 |   0.0 |       7 |       0 |   0.0
            +---------+---------+-------+---------+---------+-------
